 Seeded DCSS version 0.29.1-4-g47bece8355 (webtiles) character file.

Game seed: 15482173601955151116 (custom seed)

59 kingsuperguy the Covered (level 3, -5/33 HPs)
             Began as a Minotaur Fighter on Dec 7, 2022.
             Killed by divine providence
             ... invoked by an orc priest
              (14 damage)
             ... on level 3 of the Dungeon.
             The game lasted 00:00:50 (1551 turns).

kingsuperguy the Covered (Minotaur Fighter)         Turns: 1551, Time: 00:00:51

Health: -5/33      AC:  7    Str: 22    XL:     3   Next: 78%
Magic:  2/2        EV:  9    Int:  5    God:
Gold:   82         SH:  4    Dex:  9    Spells: 2/2 levels left

rFire   . . .      SeeInvis .   a - +0 war axe
rCold   . . .      Faith    .   c - +0 buckler
rNeg    . . .      Spirit   .   b - +0 scale mail
rPois   .          Reflect  .   (helmet restricted)
rElec   .          Harm     .   (no cloak)
rCorr   .          Rampage  .   (no gloves)
Will    .....                   (no boots)
Stlth   ..........              (no amulet)
HPRegen 0.11/turn               (no ring)
MPRegen 0.08/turn               (no ring)

@: no status effects
A: horns 2, retaliatory headbutt
a: no special abilities


You were on level 3 of the Dungeon.
You visited 1 branch of the dungeon, and saw 3 of its levels.

You collected 82 gold pieces.

Inventory:

Hand Weapons
 a - a +0 war axe (weapon)
Armour
 b - a +0 scale mail (worn)
 c - a +0 buckler (worn)
Jewellery
 e - a +6 ring of intelligence
 l - a +6 ring of intelligence
 m - an amulet of the acrobat
Scrolls
 f - 2 scrolls of identify {unknown}
 i - a scroll of enchant weapon {unknown}
Potions
 d - 2 potions of might
 g - a potion of resistance {unknown}
 h - 2 potions of curing {unknown}
 j - a potion of heal wounds {unknown}
 k - a potion of haste {unknown}


   Skills:
 + Level 4.2 Fighting
 + Level 3.2 Axes
 + Level 4.3 Armour
 + Level 4.2 Shields


You had 2 spell levels left.
You didn't know any spells.
Your spell library contained the following spells:

 Spells                   Type           Power      Damage    Failure   Level
 Ozocubu's Armour         Ice            0%         N/A       99%         3
 Ozocubu's Refrigeration  Ice            0%         4d7       100%        7


Dungeon Overview and Level Annotations

Branches:
Dungeon (3/15)

Altars:


Innate Abilities, Weirdness & Mutations

You have a pair of horns on your head.
You reflexively headbutt those who attack you in melee.


Message History

No target in view!
Partly explored, can't reach some places.
No target in view!
Partly explored, can't reach some places.
There is a stone staircase leading down here.
You climb downwards.
Found a ring mail and a book of Armaments.
There is a stone staircase leading up here.
Found a twisted wooden ring.
An orc priest comes into view. It is wielding a +0 short sword.
The orc priest shouts!
You hear a shout!
An orc comes into view. It is wielding a +3 flail.
The orc priest mumbles some strange prayers to Beogh against you.
Pain shoots through your body!
An orc comes into view. It is wielding a +0 club.
The orc shouts!
You closely miss the orc priest. The orc priest closely misses you.
You closely miss the orc priest. Your headbutt misses the orc priest.
You barely miss the orc.
The orc priest hits you but does no damage.
An orc priest comes into view. It is wielding a +2 dagger of venom.
A hobgoblin comes into view.
You barely miss the orc priest.
The hobgoblin shouts!
You hit the orc.
The orc priest invokes the aid of Beogh against you.
You barely resist.
The orc roars noisily.
The orc hits you with a +3 flail.
The orc priest invokes the aid of Beogh against you.
Beogh smites you!
* * * LOW HITPOINT WARNING * * *
The orc priest hits you but does no damage.
The orc barely misses you. The orc hits you but does no damage.
You closely miss the orc priest. Your headbutt misses the orc priest.
You barely miss the orc. You closely miss the orc.
The orc hits you but does no damage.
The orc priest mumbles some strange prayers to Beogh against you.
Beogh smites you!
You die...

#.# .. #.# ...
#########.###..
#....:.......#
#............#
#######.........=..#
#..[...............####
#...<...@o....o........
#.......oo.........####
#..................#
###########.......##
#.g.....# #.......#
........# ......####


You could see 2 orc priests, 2 orcs and a hobgoblin.

Vanquished Creatures
  2 adders (D:2)
  A worm (D:2)
  A dart slug (D:1)
  5 bats
  2 giant cockroaches
  3 hobgoblins
  3 ball pythons (D:1)
  4 frilled lizards (D:1)
  7 goblins
  4 kobolds
  6 rats
38 creatures vanquished.

Notes
Turn   | Place    | Note
-------+----------+-------------------------------------------
     0 | D:1      | kingsuperguy the Minotaur Fighter began the quest for the
                  | Orb.
     0 | D:1      | Reached XP level 1. HP: 19/19 MP: 0/0
   178 | D:1      | Reached XP level 2. HP: 27/27 MP: 1/1
   884 | D:2      | Reached XP level 3. HP: 33/33 MP: 2/2
  1130 | D:2      | Found a faded altar of an unknown god.
  1551 | D:3      | Killed from afar by an orc priest

Illustrated notes

Levels and vault maps discovered:
D:1:      sevenhm_arrival_forest_fort_small_3, layout_basic
D:2:      layout_loops_cross, serial_forest, infiniplex_forest_end_3,
          infiniplex_forest_clump_small, infiniplex_forest_lined_2,
          infiniplex_forest_end_1, infiniplex_forest_lined_corner,
          nicolae_ecumenical_pavilion
D:3:      layout_basic, trog_book, hangedman_glass_teeth

Skill      XL: |  1  2 |
---------------+-------+-----
Armour         | 4 |  4.3
Shields        | 4 |  4.2
Fighting       | 4 |  4.2
Axes           | 3 |  3.2

Action                   || total
-------------------------++-------
Melee: War axe           ||    76
       Headbutt          ||     7
Armor: Scale mail        ||    42
Dodge: Dodged            ||    41
Block: Buckler           ||    22
